AoeStats
← wangdengfeng88

Nomad

510713493Analyzed
4v4 RM · 2d ago on Oct 2, 2026· 50m 47s· 8 players
Game mode
Random Map
Map size
231×231
Population
200
Speed
Normal
Resources
Standard
Victory
Conquest
Starting age
Dark Age
Ending age
Imperial Age
RankedLock teamsTeams togetherTeam positionsShared explorationLock speedFull tech treeHidden civsTurbo modeCheats
Victory
Defeat
🇸🇪 Persians · Sweden
1119
+14
🇧🇪 Japanese · Belgium
1106
+15
🇷🇺 Magyars · Russia
1052
+17
🇳🇱 Vikings · Netherlands
1038
+17
🇨🇳 Bohemians · China
1101
-17
🇨🇳 Lithuanians · China
1078
-16
🇨🇳 Huns · China
1064
-15
🇨🇳 Burgundians · China
1059
-15
钢的根
12:08 Loom
14:27 Feudal Age
19:08 Castle Age
18:16 Double-Bit Axe
21:33 Scale Barding Armor
22:01 Forging
22:24 Horse Collar
25:36 Iron Casting
32:00 Chain Barding Armor
32:56 Bloodlines
39:59 Husbandry
110
4:04 Loom
11:47 Wheelbarrow
16:33 Feudal Age
16:03 Double-Bit Axe
22:37 Castle Age
21:07 Bow Saw
20:40 Horse Collar
21:42 Heavy Plow
22:12 Forging
22:08 Scale Barding Armor
23:17 Town Watch
24:03 Chain Barding Armor
24:35 Husbandry
29:19 Cavalier
32:38 Hand Cart
wangdengfeng88
6:43 Loom
14:43 Feudal Age
19:13 Castle Age
17:08 Double-Bit Axe
17:07 Horse Collar
21:19 Bow Saw
22:10 Wheelbarrow
24:20 Heavy Plow
30:14 Wagenburg Tactics
34:11 Imperial Age
32:02 Hand Cart
32:38 Ballistics
33:33 Chemistry
32:53 Ballistics
34:53 Squires
34:39 Arson
36:06 Bombard Tower
36:30 Conscription
36:04 Pikeman
37:26 Conscription
38:44 Two-Man Saw
37:35 Halberdier
上杉绘梨衣
5:47 Loom
14:24 Feudal Age
14:41 Man-at-Arms
16:40 Double-Bit Axe
22:00 Castle Age
22:35 Fletching
23:38 Bodkin Arrow
26:58 Bow Saw
33:51 Wheelbarrow
36:24 Horse Collar
38:07 Heavy Plow
39:12 Hand Cart
40:25 Gold Mining
41:15 Marauders
42:31 Bloodlines
42:21 Husbandry
46:45 Imperial Age
46:33 Forging
46:28 Scale Barding Armor
48:15 Iron Casting
47:59 Elite Tarkan
49:07 Conscription
49:10 Chain Barding Armor
50:54 Conscription
CaptnMyke
6:20 Loom
14:43 Feudal Age
22:23 Castle Age
23:34 Medium Warships
25:42 Forging
25:23 Fletching
27:00 Double-Bit Axe
26:57 Horse Collar
29:28 Bow Saw
31:53 Iron Casting
32:31 Scale Mail Armor
36:26 Imperial Age
35:03 Pikeman
35:44 Squires
36:36 Elite Berserk
37:20 Chieftains
41:54 Blast Furnace
41:10 Chain Mail Armor
42:05 Gold Mining
42:06 Stone Mining
47:00 Two-Man Saw
46:01 Heavy Plow
46:04 Devotion
51:56 Plate Mail Armor
Hurgha
3:06 Loom
15:52 Feudal Age
16:16 Fishing Lines
16:31 Town Watch
23:59 Castle Age
24:50 Scale Barding Armor
24:55 Forging
25:55 Wheelbarrow
26:45 Hand Cart
26:17 Double-Bit Axe
26:38 Husbandry
26:48 Bloodlines
26:55 Gillnets
31:01 Iron Casting
32:03 Town Patrol
31:58 Gold Mining
31:59 Stone Mining
41:30 Imperial Age
41:25 Cavalier
43:08 Gold Shaft Mining
42:45 Fletching
43:56 Blast Furnace
45:35 Savar
Saeer
4:45 Loom
16:20 Feudal Age
16:51 Town Watch
16:57 Double-Bit Axe
18:18 Gold Mining
21:28 Castle Age
19:26 Stone Mining
19:58 Forging
19:54 Fishing Lines
20:36 Scale Mail Armor
21:54 Wheelbarrow
21:26 Fletching
23:08 Bow Saw
24:07 Arson
26:41 Squires
30:14 Iron Casting
31:55 Treadmill Crane
32:26 Masonry
35:48 Murder Holes
36:14 Ballistics
36:18 Gillnets
38:52 Masonry
41:36 Hand Cart
42:13 Scale Barding Armor
42:24 Chain Mail Armor
42:04 Bodkin Arrow
45:32 Imperial Age
46:38 Conscription
47:36 Blast Furnace
48:29 Kataparuto
50:35 Town Patrol
50:15 Elite Samurai
Альберт
10:51 Loom
16:37 Feudal Age
20:45 Castle Age
19:27 Scale Barding Armor
26:45 Chain Barding Armor
30:30 Fletching
38:29 Murder Holes
43:31 Imperial Age
43:15 Bodkin Arrow
44:40 Elite Magyar Huszar
46:56 Fishing Lines
48:04 Bloodlines
47:55 Husbandry
49:17 Plate Barding Armor
48:33 Horse Collar
50:37 Conscription
Connection lost

Rejoining the realm…

Still unreachable

The connection could not be restored.

Session expired

The server has moved on; the page needs a fresh start.